 Dungeon Crawl Stone Soup version 0.27.1-4-g1640c2035a (webtiles) character file.

Game seed: 383021224720082586

3801 Iepvzaeh the Protected (level 9, -4/75 (79) HPs)
             Began as a Minotaur Berserker on Nov 2, 2021.
             Was a Priest of Trog.
             Slain by a two-headed ogre (12 damage)
             ... on level 7 of the Dungeon.
             The game lasted 00:31:03 (9131 turns).

Iepvzaeh the Protected (Minotaur Berserker)         Turns: 9131, Time: 00:31:03

HP:   -4/75 (79)    AC:  8    Str: 22    XL:     9   Next: 96%
MP:   17/17         EV: 12    Int:  4    God:    Trog [***...]
Gold: 77            SH:  0    Dex: 13    Spells: 8/8 levels left

rFire    . . .     SeeInvis .   o - +2 quarterstaff (chaos)
rCold    . . .     Faith    .   (shield currently unavailable)
rNeg     . . .     Spirit   .   d - +0 scale mail
rPois    .         Reflect  .   (helmet restricted)
rElec    .         Harm     .   (no cloak)
rCorr    +         Rampage  .   (no gloves)
Will     .....                  (no boots)
Stlth    ..........             (no amulet)
HPRegen  0.22/turn              h - ring of magical power
MPRegen  0.15/turn              y - ring of resist corrosion

@: studying Armour, drained
A: horns 2, retaliatory headbutt
a: Renounce Religion, Berserk, Trog's Hand


You were on level 7 of the Dungeon.
You worshipped Trog.
Trog was most pleased with you.
You visited 2 branches of the dungeon, and saw 8 of its levels.

You collected 258 gold pieces.
You spent 181 gold pieces at shops.

Inventory:

Hand Weapons
 a - a +1 flail of protection
 b - a +0 shortbow
 o - a +2 quarterstaff of chaos (weapon)
 x - a +3 halberd
 A - a +0 hunting sling
Missiles
 c - 187 stones
 g - 26 sling bullets
 i - 39 poisoned darts
 l - 10 boomerangs (quivered)
 B - 17 arrows
Armour
 d - a +0 scale mail (worn)
Jewellery
 h - a ring of magical power (left hand)
 y - a ring of resist corrosion (right hand)
Wands
 s - a wand of charming (11)
Scrolls
 e - 2 scrolls of magic mapping
 f - a scroll of blinking {unknown}
 m - a scroll of vulnerability {unknown}
 n - a scroll of enchant armour {unknown}
 p - a scroll of immolation {unknown}
 t - 2 scrolls of teleportation
 u - a scroll of enchant weapon {unknown}
 v - a scroll of fog {unknown}
 C - a scroll of identify
 D - 3 scrolls of torment {unknown}
Potions
 j - a potion of might {unknown}
 k - 2 potions of flight
 q - a potion of attraction {unknown}
 r - a potion of lignification
 w - 2 potions of magic
 z - 2 potions of berserk rage


   Skills:
 + Level 7.0 Fighting
 * Level 9.5 Maces & Flails
 - Level 7.0 Polearms
 + Level 0.5 Bows
 + Level 5.5 Throwing
 + Level 9.8 Armour
 + Level 4.4 Dodging
 + Level 0.7 Stealth


You had 8 spell levels left.
You didn't know any spells.
Your spell library was empty.

Dungeon Overview and Level Annotations

Branches:
Dungeon (7/15)             Temple (1/1) D:4

Altars:
Cheibriados
Elyvilon
Sif Muna
Trog
Wu Jian
Yredelemnul
The Shining One

Shops:
D:4 ?   D:6 ?


Innate Abilities, Weirdness & Mutations

You have a pair of horns on your head.
You reflexively headbutt those who attack you in melee.


Message History

You throw a boomerang. The boomerang hits the two-headed ogre.
The two-headed ogre is lightly wounded.
A wyvern comes into view.
The two-headed ogre hits you with a +0 dire flail!
The two-headed ogre hits you with a +0 giant club.
You throw a boomerang. The wyvern hisses angrily.
The boomerang hits the two-headed ogre.
The two-headed ogre is lightly wounded.
You throw a boomerang. The boomerang hits the two-headed ogre!
The two-headed ogre is moderately wounded.
The two-headed ogre completely misses you.
The two-headed ogre closely misses you.
You throw a boomerang. The boomerang hits the two-headed ogre.
The two-headed ogre is moderately wounded.
The two-headed ogre hits you with a +0 dire flail!!
The two-headed ogre barely misses you.
You throw a boomerang. The boomerang hits the two-headed ogre.
The two-headed ogre is heavily wounded.
The two-headed ogre hits you with a +0 dire flail.
The two-headed ogre hits you with a +0 giant club.
The wyvern bites you.
You sock the wyvern!
The wyvern resists with some effort.
The wyvern is moderately wounded.
The wyvern closely misses you. You furiously retaliate!
You headbutt the wyvern, but do no damage.
You closely miss the wyvern.
The wyvern is moderately wounded.
The wyvern bites you. x2
You thump the wyvern!
The wyvern seems to grow stronger.
The wyvern is severely wounded.
The wyvern bites you!!
* * * LOW HITPOINT WARNING * * *
You sock the wyvern!
You kill the wyvern!
Trog accepts your kill.
Found a smoky yellow potion.
There is a stone staircase leading up here.
The two-headed ogre hits you with a +0 dire flail!
You die...

#.................#
#...#..##..#####..#
#...#.............#
#####...###.#.#.####.##
#.............#.####.#
.....#.##.#.........#
####....#.#....##.#.#
#.#..#.##..O##.#.#
#.#..#.##...@#.#.# #
#..........#.#..
#..#.......#!##.
#..####..#...# .# #.##
#.>#.### .# #.# ##...#
##### #.# #.### ....#
#.# .##.# #.#


You could see a two-headed ogre.

Vanquished Creatures
  Pikel (D:6)
  An unseen horror (D:6)
  Prince Ribbit (D:6)
  Grinder (D:3)
  A shadow (D:5)
  2 wyverns
  2 vampire mosquitoes (D:6)
  2 water moccasins (D:6)
  A sky beast (D:6)
  An ice beast (D:5)
  An ogre (D:5)
  A necrophage (D:5)
  A centaur (D:5)
  A phantom (D:5)
  A lemure (D:6)
  A scorpion (D:5)
  A gnoll sergeant (D:6)
  A wyvern skeleton (D:5)
  A water moccasin skeleton (D:4)
  4 wights
  A bullfrog zombie (D:6)
  2 centaur zombies (D:7)
  2 orc priests
  6 hounds
  A jelly (D:5)
  Crazy Yiuf (D:6)
  A bullfrog skeleton (D:6)
  5 iguanas
  Terence (D:2)
  3 orc wizards
  A killer bee zombie (D:5)
  A hound skeleton (D:4)
  A howler monkey zombie (D:6)
  11 gnolls
  8 adders
  A worm (D:2)
  A dart slug (D:2)
  10 orcs
  8 bats
  3 endoplasms
  3 giant cockroaches
  6 hobgoblins
  9 jackals (D:2)
  5 quokkas
  3 ball pythons
  4 frilled lizards
  6 goblins
  5 kobolds
  3 rats
  3 bushes (D:3)
141 creatures vanquished.

Vanquished Creatures (others)
  6 plants (D:3)
6 creatures vanquished.

Grand Total: 147 creatures vanquished

Notes
Turn   | Place    | Note
-------+----------+-------------------------------------------
     0 | D:1      | Iepvzaeh the Minotaur Berserker began the quest for the
                  | Orb.
     0 | D:1      | Reached XP level 1. HP: 19/19 MP: 0/0
   395 | D:1      | Reached XP level 2. HP: 26/27 MP: 1/1
   995 | D:2      | Reached XP level 3. HP: 31/33 MP: 2/2
  1035 | D:2      | Found a faded altar of an unknown god.
  1216 | D:2      | Reached ** piety under Trog
  1217 | D:2      | Reached skill level 5 in Polearms
  1228 | D:2      | Reached XP level 4. HP: 37/40 MP: 3/3
  1318 | D:2      | Noticed Terence
  1330 | D:2      | Killed Terence
  1462 | D:2      | Found a glowing golden altar of the Shining One.
  1661 | D:2      | Reached XP level 5. HP: 41/47 MP: 4/4
  1907 | D:3      | Noticed Grinder
  1910 | D:3      | Paralysed by Grinder for 5 turns
  1928 | D:3      | Killed Grinder
  1929 | D:3      | Reached skill level 1 in Throwing
  1929 | D:3      | Reached XP level 6. HP: 32/53 MP: 5/5
  3607 | D:4      | Reached skill level 5 in Fighting
  3628 | D:4      | Reached XP level 7. HP: 61/61 MP: 6/6
  3648 | D:4      | Reached skill level 1 in Maces & Flails
  3859 | D:4      | Found a staircase to the Ecumenical Temple.
  3868 | Temple   | Entered the Ecumenical Temple
  3953 | D:4      | Found Yziste's Magic Scroll Boutique.
  3956 | D:4      | Bought a scroll of identify for 20 gold pieces
  3956 | D:4      | Bought a scroll of teleportation for 30 gold pieces
  4071 | D:4      | Found a bloodstained altar of Trog.
  4210 | D:4      | Bought a scroll of identify for 20 gold pieces
  4210 | D:4      | Bought a scroll of teleportation for 30 gold pieces
  4210 | D:4      | Bought a scroll of noise for 10 gold pieces
  4224 | D:5      | Entered Level 5 of the Dungeon
  4359 | D:5      | Reached skill level 5 in Armour
  4405 | D:5      | Found a basalt altar of Yredelemnul.
  4406 | D:5      | Found a shimmering blue altar of Sif Muna.
  4717 | D:5      | Reached *** piety under Trog
  4889 | D:5      | Found an ornate altar of the Wu Jian Council.
  4893 | D:5      | Found a white marble altar of Elyvilon.
  4895 | D:5      | Found a snail-covered altar of Cheibriados.
  4962 | D:5      | Noticed a shadow
  4965 | D:5      | Killed a shadow
  4966 | D:5      | Reached skill level 5 in Maces & Flails
  4966 | D:5      | Reached XP level 8. HP: 57/69 MP: 7/7
  6662 | D:6      | Reached XP level 9. HP: 51/75 MP: 8/8
  6943 | D:6      | Found Fyolon's Magic Scroll Shop.
  6954 | D:6      | Bought a scroll of magic mapping for 45 gold pieces
  6954 | D:6      | Bought a scroll of identify for 26 gold pieces
  7168 | D:6      | Noticed Pikel
  7182 | D:6      | Killed Pikel
  7368 | D:6      | Noticed Prince Ribbit
  7473 | D:6      | Killed an unseen horror
  7474 | D:6      | Reached skill level 5 in Throwing
  7815 | D:6      | Killed Prince Ribbit
  7957 | D:6      | Found a runed translucent door.
  7958 | D:6      | Noticed Crazy Yiuf
  7968 | D:6      | Killed Crazy Yiuf
  9099 | D:7      | Noticed a two-headed ogre
  9131 | D:7      | Slain by a two-headed ogre

Illustrated notes

Levels and vault maps discovered:
D:1:      dpeg_chamrin_arrival_tetris, layout_rooms
D:2:      layout_rooms, chequers_ecumenical_altar_simple, basic_altar,
          minmay_surrounded, uniq_terence
D:3:      layout_rooms, serial_forest, infiniplex_forest_end_2,
          infiniplex_forest_lined_2, infiniplex_forest_clump_C,
          infiniplex_forest_zigzag_2, infiniplex_forest_lined_2,
          infiniplex_forest_diagonal, infiniplex_forest_corner_1,
          infiniplex_forest_clump_curved, uniq_grinder
D:4:      layout_rooms, kennysheep_mini, minmay_temple_entry_poolview,
          serial_shops, shop
D:5:      layout_basic, grunt_temple_overflow_open,
          gammafunk_temple_overflow_pools, kennysheep_cluttered_room,
          st_stairs_10, minmay_stone_trees_small, minmay_manual_mess
D:6:      layout_basic, serial_shops, nicolae_shop_crystal,
          uniq_crazy_yiuf_cottage, uniq_prince_ribbit1, uniq_pikel
D:7:      corexii_shantytown, layout_basic, kennysheep_generic_room_9
Temple:   oiseaux_autumnal_temple

Skill      XL: |  1  2  3  4  5  6  7  8  9 |
---------------+----------------------------+-----
Polearms       | 4 5 6 7 |  7.0
Fighting       | 4 5 6 7 |  7.0
Armour         | 3 4 5 7 9 |  9.8
Dodging        | 3 4 |  4.4
Throwing       | 1 2 4 5 |  5.5
Maces & Flails | 5 7 9 |  9.5
Bows           | |  0.5
Stealth        | |  0.7

Action                   |  1- 3 |  4- 6 |  7- 9 || total
-------------------------+-------+-------+-------++-------
Melee: Spear             |    76 |    54 |       ||   130
       Headbutt          |     6 |    46 |    44 ||    96
       Halberd           |       |   111 |    15 ||   126
       Flail             |       |    24 |   164 ||   188
       Quarterstaff      |       |       |    30 ||    30
 Fire: Hunting sling     |       |       |     4 ||     4
       Shortbow          |       |       |     1 ||     1
Throw: Dart              |     1 |     1 |       ||     2
       Boomerang         |       |    41 |   130 ||   171
Invok: Berserk           |       |       |     3 ||     3
  Use: Scroll            |       |       |     7 ||     7
       Potion            |       |       |     6 ||     6
 Stab: Paralysed         |       |       |     1 ||     1
Armor: Animal skin       |     7 |       |       ||     7
       Scale mail        |       |    30 |   116 ||   146
       Ring mail         |       |     5 |       ||     5
Dodge: Dodged            |    38 |    67 |   156 ||   261
